 Dungeon Crawl Stone Soup version 0.30-a0-989-g0d87f670db (webtiles) character file.

Game seed: 4054860601171425886

19217 GloriousHammer the Grappler (level 12, -3/123 HPs)
             Began as a Troll Fighter on Apr 3, 2023.
             Was an Elder of Wu Jian.
             Slain by a seven-headed hydra (7 damage)
             ... on level 2 of the Lair of Beasts.
             The game lasted 00:25:49 (11894 turns).

GloriousHammer the Grappler (Troll Fighter)        Turns: 11894, Time: 00:25:50

Health: -3/123     AC:  7    Str: 27    XL:     12   Next: 34%
Magic:  11/11      EV:  9    Int:  8    God:    Wu Jian [****..]
Gold:   783        SH: 10    Dex:  9    Spells: 11/11 levels left

rFire   . . .      SeeInvis +      - Unarmed
rCold   . . .      Faith    .    w - +0 kite shield
rNeg    . . .      Spirit   .    K - +0 troll leather armour
rPois   +          Reflect  .    (helmet restricted)
rElec   .          Rampage  .    H - +0 cloak
rCorr   .                        (gloves unavailable)
Will    .....                    (boots unavailable)
Stlth   +                        r - amulet of regeneration
HPRegen 2.80/turn                v - ring of see invisible
MPRegen 0.12/turn                P - ring of poison resistance

@: exhausted
A: large, unfitting armour, claws 3, regeneration 1, shaggy fur 1, tough skin 1
a: Renounce Religion, Wall Jump, Serpent's Lash


You were on level 2 of the Lair of Beasts.
You worshipped Wu Jian.
Wu Jian was greatly pleased with you.
You visited 3 branches of the dungeon, and saw 13 of its levels.
You also visited: Bailey.

You collected 783 gold pieces.

Inventory:

Hand Weapons
 b - the +6 sling "Grom" {flame, +Blink Dex+2}
   (You found it on level 3 of the Dungeon)

   Dex:       It affects your dexterity (+2).
   +Blink:    It lets you blink.
 i - the +8 spear of Enujummau {vamp, rElec rPois rCorr Stlth+}
   (You found it on level 6 of the Dungeon)

   rElec:     It insulates you from electricity.
   rPois:     It protects you from poison.
   rCorr:     It protects you from acid and corrosion.
   Stlth:     It makes you more stealthy.
 N - a +3 scimitar of flaming
Missiles
 k - 26 poisoned darts
 A - a large rock (quivered)
Armour
 w - a +0 kite shield (worn)
 H - a +0 cloak (worn)
 K - a +0 troll leather armour (worn)
Jewellery
 r - an amulet of regeneration (around neck)
 v - a ring of see invisible (left claw)
 M - a ring of magical power
 P - a ring of poison resistance (right claw)
 Z - a ring of wizardry
Wands
 a - a wand of polymorph (4)
 J - a wand of digging (6)
 L - a wand of roots (7)
Scrolls
 d - 2 scrolls of immolation
 g - 7 scrolls of teleportation
 h - 2 scrolls of enchant armour {unknown}
 j - 4 scrolls of blinking {unknown}
 o - 3 scrolls of torment
 p - a scroll of summoning {unknown}
 q - 2 scrolls of fog
 s - 7 scrolls of magic mapping
 u - 2 scrolls of fear
 y - 4 scrolls of poison
 z - a scroll of acquirement {unknown}
 D - 2 scrolls of silence {unknown}
 E - 3 scrolls of enchant weapon
 I - 3 scrolls of identify
 O - a scroll of vulnerability {unknown}
Potions
 c - 2 potions of might
 e - a potion of degeneration {unknown}
 f - 5 potions of lignification
 l - 2 potions of resistance
 m - 4 potions of brilliance
 n - 4 potions of curing
 t - a potion of haste {unknown}
 x - a potion of ambrosia {unknown}
 B - 3 potions of mutation
 C - 2 potions of attraction {unknown}
 F - a potion of flight {unknown}
Miscellaneous
 G - a condenser vane


   Skills:
 + Level 9.1 Fighting
 + Level 3.3 Dodging
 + Level 9.9 Shields
 * Level 14.4 Unarmed Combat


You had 11 spell levels left.
You didn't know any spells.
Your spell library contained the following spells:

 Spells                   Type           Power      Damage    Failure   Level
 Necrotise                Necr           0%         1d4       67%         1
 Cigotuvi's Dreadful Rot  Necr/Pois/Air  0%         N/A       80%         2
 Poisonous Vapours        Pois/Air       0%         N/A       80%         2
 Call Canine Familiar     Summ           0%         N/A       95%         3
 Gell's Gravitas          Tloc           0%         N/A       95%         3
 Ignite Poison            Fire/Tmut/Pois 0%         N/A       95%         3
 Kindle Blastsparks       Fire/Tloc/Air  0%         2d10      95%         3
 Mephitic Cloud           Conj/Pois/Air  0%         N/A       95%         3
 Portal Projectile        Hex/Tloc       0%         N/A       95%         3
 Teleport Other           Tloc           0%         N/A       95%         3
 Tukima's Dance           Hex            0%         N/A       95%         3
 Vampiric Draining        Necr           0%         2d6       95%         3
 Animate Dead             Necr           0%         N/A       100%        4
 Leda's Liquefaction      Hex/Erth       0%         N/A       100%        4
 Manifold Assault         Tloc           0%         N/A       100%        4
 Summon Ice Beast         Ice/Summ       0%         N/A       100%        4
 Agony                    Necr           0%         N/A       100%        5
 Blade Hands              Tmut           0%         N/A       100%        5
 Freezing Cloud           Conj/Ice/Air   0%         6-21      100%        5
 Summon Mana Viper        Hex/Summ       0%         N/A       100%        5
 Dispersal                Tloc           0%         N/A       100%        6
 Haunt                    Necr/Summ      0%         N/A       100%        7
 Monstrous Menagerie      Summ           0%         N/A       100%        7
 Disjunction              Tloc           0%         N/A       100%        8
 Infestation              Necr           0%         N/A       100%        8


Dungeon Overview and Level Annotations

Branches:
Dungeon (10/15)            Temple (1/1) D:7            Lair (2/5) D:10
    Orc (0/2) D:10         Bailey (visited)
  Swamp: Lair:2-3    Shoals: Lair:2-3     Snake: Lair:2-3    Spider: Lair:2-3

Altars:
Ashenzari
Cheibriados
Dithmenos
Elyvilon
Fedhas
Gozag
Hepliaklqana
Kikubaaqudgha
Makhleb
Nemelex Xobeh
Okawaru
Qazlal
Ru
Sif Muna
Trog
Uskayaw
Vehumet
Wu Jian
Xom
Yredelemnul
Zin
The Shining One

Portals:
Abyss: Lair:2

Annotations:
D:9 exclusion: downstairs
Lair:2 1 transporter, SirDiesAlot's ghost, journeyman SpEn


Innate Abilities, Weirdness & Mutations

You are too large for most types of armour.
You have claws for hands.
Your natural rate of healing is unusually fast.
You are covered in fur. (AC +1)
You have tough skin. (AC +1)


Message History

You burn the seven-headed hydra.
The seven-headed hydra is moderately wounded.
You spin and attack the seven-headed hydra, with incredible momentum.
You slice one of the seven-headed hydra's heads off!
The flame cauterises the wound!
You slash the six-headed hydra! You burn the six-headed hydra.
The six-headed hydra is heavily wounded.
Your supernatural speed expires.
Your +3 scimitar of flaming stops flaming.
You are now empty-clawed.
Okay, then.
The six-headed hydra attacks as you move away!
The six-headed hydra completely misses you.
The six-headed hydra bites you. The six-headed hydra bites you!
The six-headed hydra bites you but does no damage.
You block the six-headed hydra's attack.
The six-headed hydra bites you but does no damage.
You claw one of the six-headed hydra's heads off!
The five-headed hydra grows two more!
You claw the seven-headed hydra!
The seven-headed hydra is heavily wounded.
The seven-headed hydra bites you.
You block the seven-headed hydra's attack.
The seven-headed hydra bites you.
The seven-headed hydra bites you but does no damage.
The seven-headed hydra bites you!
You block the seven-headed hydra's attack.
The seven-headed hydra bites you but does no damage.
Unknown command.
Okay, then.
Aiming: Fastroot
Press: ? - help, Shift-Dir - straight line The roots erupt in riotous growth!
Roots grab the seven-headed hydra.
The grasping roots constrict the seven-headed hydra.
You block the seven-headed hydra's attack.
The seven-headed hydra closely misses you.
The seven-headed hydra barely misses you.
The seven-headed hydra bites you! The seven-headed hydra bites you.
The seven-headed hydra bites you but does no damage.
The seven-headed hydra barely misses you.
The grasping roots constrict the seven-headed hydra!
The roots release their grip on the seven-headed hydra.
Throw: 4 large rocks
Press: ? - help, Q - select action, (/) - cycle Shift-Dir - straight line, f - seven-headed hydra
Aim: a seven-headed hydra (severely wounded, 78% to hit)
You throw a large rock.
The large rock hits the seven-headed hydra.
The seven-headed hydra is severely wounded.
The seven-headed hydra completely misses you.
You block the seven-headed hydra's attack.
The seven-headed hydra bites you but does no damage.
The seven-headed hydra bites you!
You block the seven-headed hydra's attack.
The seven-headed hydra bites you. x3
The seven-headed hydra barely misses you.
You block the seven-headed hydra's attack. x2
The seven-headed hydra bites you but does no damage.
You block the seven-headed hydra's attack.
The seven-headed hydra barely misses you.
Unknown command.
Unknown command.
Throw: 3 large rocks
Press: ? - help, Q - select action, (/) - cycle Shift-Dir - straight line, f/p - seven-headed hydra
Aim: a seven-headed hydra (severely wounded, 78% to hit)
You throw a large rock.
The large rock hits the seven-headed hydra!
The seven-headed hydra is almost dead.
The seven-headed hydra bites you!
You block the seven-headed hydra's attack. x2
The seven-headed hydra bites you. x2
You block the seven-headed hydra's attack.
The seven-headed hydra bites you. The seven-headed hydra bites you!
The seven-headed hydra closely misses you.
The seven-headed hydra bites you!
* * * LOW HITPOINT WARNING * * *
The seven-headed hydra bites you but does no damage.
The seven-headed hydra bites you.
* * * LOW HITPOINT WARNING * * *
The seven-headed hydra closely misses you.
The seven-headed hydra bites you but does no damage.
Unknown command.
Throw: 2 large rocks
Press: ? - help, Q - select action, (/) - cycle Shift-Dir - straight line, f/p - seven-headed hydra
Aim: a seven-headed hydra (almost dead, 78% to hit)
You throw a large rock.
The large rock hits the seven-headed hydra.
The seven-headed hydra is almost dead.
The seven-headed hydra bites you.
* * * LOW HITPOINT WARNING * * *
The seven-headed hydra bites you but does no damage.
The seven-headed hydra bites you.
* * * LOW HITPOINT WARNING * * *
The seven-headed hydra bites you!
* * * LOW HITPOINT WARNING * * *
The seven-headed hydra closely misses you.
The seven-headed hydra bites you!
* * * LOW HITPOINT WARNING * * *
You block the seven-headed hydra's attack.
The seven-headed hydra bites you!
You die...

.#.########.........P# ####
...........### # ######
#......)....P# #
##..#.###...........P##
###....#.##.............#
#........###...........## ..
.........##.............#### #.#
.........#..............##.###..#
###.............@D.....###.......
# ##.....†.......................
#.......###.......†...........
#.#©......# ##..................
#.##.......# ##.....#...........
#.# ##......# ###..####<........
## #.......# #.## #.........
#.......## ### #.........
......#.# #.......##


You could see a seven-headed hydra.

Vanquished Creatures
  3 two-headed ogres
  Urug (Lair:2)
  2 black mambas (Lair:1)
  A gargoyle (D:10)
  An unseen horror (D:9)
  6 cane toads
  An efreet (D:10)
  A rime drake (Lair:1)
  2 trolls
  A hornet (D:9)
  10 blink frogs (Lair:1)
  16 yaks
  4 wyverns
  A basilisk (Lair:1)
  3 vampire mosquitoes (D:10)
  A steam dragon (D:7)
  14 water moccasins
  3 ice beasts
  2 black bears
  12 orc warriors
  4 ogres
  15 wolves
  3 centaurs
  2 phantoms (D:6)
  2 kobold brigands
  6 bullfrogs
  2 gnoll sergeants
  3 scorpions
  4 killer bees (D:10)
  An electric eel (D:7)
  3 howler monkeys
  4 orc priests
  7 hounds
  A jelly (D:4)
  3 iguanas (D:5)
  Natasha (thrice) (D:2)
  13 orc wizards
  3 sleepcaps
  4 hell rats (Lair:1)
  Robin (D:1)
  11 gnolls
  8 adders
  5 river rats (Lair:1)
  A shadow imp (D:8)
  A white imp (D:5)
  2 ufetubi
  A worm (D:3)
  2 dart slugs (D:2)
  37 orcs
  6 bats
  5 endoplasms
  6 giant cockroaches
  17 goblins
  10 hobgoblins
  4 jackals (D:2)
  11 kobolds
  4 quokkas
  3 ball pythons
  4 frilled lizards
  10 rats
317 creatures vanquished.

Vanquished Creatures (others)
  An orc (D:7)
  7 fungi
  2 plants (Lair:2)
10 creatures vanquished.

Grand Total: 327 creatures vanquished

Notes
Turn   | Place    | Note
-------+----------+-------------------------------------------
     0 | D:1      | GloriousHammer the Troll Fighter began the quest for the
                  | Orb.
     0 | D:1      | Reached XP level 1. HP: 22/22 MP: 0/0
   110 | D:1      | Reached XP level 2. HP: 29/29 MP: 1/1
   508 | D:1      | Reached XP level 3. HP: 36/36 MP: 2/2
  1008 | D:2      | Reached skill level 3 in Unarmed Combat
  1038 | D:2      | Noticed Robin
  1091 | D:1      | Killed Robin
  1092 | D:1      | Reached XP level 4. HP: 43/45 MP: 3/3
  1255 | D:2      | Noticed Natasha
  1260 | D:2      | Killed Natasha
  1269 | D:2      | Noticed Natasha
  1280 | D:2      | Killed Natasha
  1313 | D:2      | Reached XP level 5. HP: 53/53 MP: 4/4
  1405 | D:2      | Noticed Natasha
  1411 | D:2      | Killed Natasha
  1412 | D:2      | Reached skill level 4 in Unarmed Combat
  1981 | D:3      | Found a shadowy altar of Dithmenos.
  2267 | D:3      | Found a burning altar of Makhleb.
  2294 | D:3      | Identified the +6 sling "Grom" {flame, +Blink Dex+2}
  3097 | D:4      | Reached XP level 6. HP: 61/61 MP: 5/5
  3180 | D:4      | Reached skill level 5 in Unarmed Combat
  3754 | D:4      | Found a shimmering altar of Xom.
  3872 | D:5      | Entered Level 5 of the Dungeon
  3898 | D:5      | Reached XP level 7. HP: 46/68 MP: 6/6
  4078 | D:5      | Reached skill level 6 in Unarmed Combat
  4671 | D:6      | Reached skill level 5 in Shields
  4671 | D:6      | Reached XP level 8. HP: 40/79 MP: 7/7
  4739 | D:6      | Reached skill level 7 in Unarmed Combat
  5023 | D:6      | Reached skill level 5 in Fighting
  5054 | D:6      | Found a radiant altar of Vehumet.
  5137 | D:6      | Reached skill level 8 in Unarmed Combat
  5190 | D:6      | Identified the +8 spear of Enujummau {vamp, rElec rPois
                  | rCorr Stlth+}
  5536 | D:7      | Found a staircase to the Ecumenical Temple.
  5558 | Temple   | Entered the Ecumenical Temple
  5662 | Temple   | Became a worshipper of the Wu Jian Council
  5804 | D:7      | Reached XP level 9. HP: 41/88 MP: 8/8
  5937 | D:7      | Found a sacrificial altar of Ru.
  6042 | D:7      | Found a shimmering blue altar of Sif Muna.
  6436 | D:7      | Reached skill level 9 in Unarmed Combat
  7009 | D:8      | Found a stormy altar of Qazlal.
  7072 | D:8      | Reached * piety under Wu Jian
  7080 | D:8      | Reached skill level 10 in Unarmed Combat
  7303 | D:8      | Noticed a two-headed ogre
  7313 | D:8      | Killed a two-headed ogre
  7314 | D:8      | Reached XP level 10. HP: 41/100 MP: 9/9
  8190 | D:9      | Noticed a two-headed ogre
  8200 | D:9      | Killed a two-headed ogre
  8225 | D:9      | Found a flagged portal.
  8234 | Bailey   | Entered a bailey
  8341 | Bailey   | Reached skill level 11 in Unarmed Combat
  8412 | Bailey   | Noticed an orc knight
  8655 | D:9      | Found a glowing silver altar of Zin.
  8656 | D:9      | Found an ancient bone altar of Kikubaaqudgha.
  8657 | D:9      | Found a white marble altar of Elyvilon.
  8659 | D:9      | Found a broken altar of Ashenzari.
  8718 | D:9      | Reached ** piety under Wu Jian
  9015 | D:9      | Noticed a two-headed ogre
  9025 | D:9      | Killed a two-headed ogre
  9449 | D:9      | Reached skill level 12 in Unarmed Combat
  9566 | D:10     | Entered Level 10 of the Dungeon
  9574 | D:10     | Noticed a gargoyle
  9700 | D:10     | Killed a gargoyle
  9701 | D:10     | Reached XP level 11. HP: 109/109 MP: 10/10
  9878 | D:10     | Found a staircase to the Lair.
 10157 | D:10     | Found a staircase to the Orcish Mines.
 10243 | D:10     | Found an iron altar of Okawaru.
 10439 | Lair:1   | Entered Level 1 of the Lair of Beasts
 10553 | Lair:1   | Reached *** piety under Wu Jian
 10587 | Lair:1   | Reached skill level 13 in Unarmed Combat
 10967 | Lair:1   | Reached **** piety under Wu Jian
 11201 | Lair:1   | Reached XP level 12. HP: 122/122 MP: 11/11
 11404 | Lair:2   | Reached skill level 14 in Unarmed Combat
 11459 | Lair:2   | Noticed Urug
 11467 | Lair:2   | Killed Urug
 11668 | Lair:2   | Found a one-way gate to the infinite horrors of the Abyss.
 11668 | Lair:2   | Noticed SirDiesAlot's ghost (journeyman SpEn)
 11778 | Lair:2   | Found a transporter.
 11876 | Lair:2   | Noticed an eight-headed hydra
 11894 | Lair:2   | HP: 4/123 [seven-headed hydra (13)]
 11894 | Lair:2   | Slain by a seven-headed hydra

Illustrated notes

Levels and vault maps discovered:
D:1:      dpeg_arrival_arbitrary_a, layout_loops_ring,
          chequers_serial_rivers_large_a
D:2:      layout_basic, supply_closet_lemuel, uniq_natasha, uniq_robin
D:3:      layout_basic, nicolae_dithmenos_the_darkroom,
          lemuel_coloured_pillars_altar
D:4:      minmay_angry_zag, layout_basic, tgw_xom,
          minmay_a_box_with_orc_wizards_in_it
D:5:      layout_gridville, hangedman_decor_peaks_small, serial_park_tiny_pond,
          chequers_serial_rivers_micro_c, serial_bayou_pond_d,
          minmay_misc_feat_rugged
D:6:      layout_loops_cross, fiery_altar_vehumet
D:7:      layout_loops_corners, nicolae_overflow_squiral,
          minmay_temple_entry_slanted, minivault_23
D:8:      layout_cave_pods, nicolae_qazlal_eye_of_the_storm, special_room
          [special_room_orc]
D:9:      layout_stronghold, minitemple, enter_bailey_2, kennysheep_flooded_box
D:10:     layout_small_grid, marbit_many_paths, erik_lair_island
Temple:   hellmonk_temple_beads
Lair:1:   layout_regular_city, kennysheep_abandoned_house
Lair:2:   layout_cave_pods, gammafunk_ghost_abyssal_escape, beast_lair_carwin_5,
          uniq_urug

Skill      XL: |  1  2  3  4  5  6  7  8  9 10 11 12 |
---------------+-------------------------------------+-----
Shields        | 3 4 5 6 7 8 9 |  9.9
Unarmed Combat | 3 4 5 6 8 10 12 13 14 | 14.4
Fighting       | 3 4 5 6 7 8 9 |  9.1
Dodging        | 3 |  3.3

Action                     |  1- 3 |  4- 6 |  7- 9 | 10-12 || total
---------------------------+-------+-------+-------+-------++-------
  Melee: Unarmed           |   115 |   136 |   237 |   527 ||  1015
         Spear             |       |       |       |     9 ||     9
         Scimitar          |       |       |       |     2 ||     2
   Fire: Sling             |       |    20 |    22 |    19 ||    61
  Throw: Large rock        |       |       |     2 |     6 ||     8
         Dart              |       |       |       |     1 ||     1
 Invoke: Serpent's Lash    |       |       |       |     1 ||     1
Ability: Lunge             |       |       |    12 |    37 ||    49
         Whirlwind         |       |       |     3 |   108 ||   111
  Evoke: Wand              |       |       |       |     1 ||     1
    Use: Scroll            |       |       |     9 |     6 ||    15
         Potion            |       |       |       |     4 ||     4
   Stab: Sleeping          |     3 |       |       |       ||     3
 Armour: Robe              |    39 |    40 |    44 |    20 ||   143
         Troll leather arm |       |       |       |    78 ||    78
  Dodge: Dodged            |    46 |    39 |    77 |   156 ||   318
  Block: Kite shield       |    34 |    41 |   107 |   257 ||   439

Table legend: (Time is in decaauts)
 A = Elapsed time spent in this place.
 B = Non-inter-level travel time spent in this place.
 C = Inter-level travel time spent in this place.
 D = Time resting spent in this place.
 E = Time spent auto-exploring this place.
 F = Levels seen in this place.
 G = Mean time per level.
                   A        B        C        D        E       F      G
               +--------+--------+--------+--------+--------+-----+--------+
         Total |  11879 |  11297 |    582 |   1376 |   7427 |  14 |  848.5 |
       Dungeon |  10126 |   9582 |    544 |   1306 |   6412 |  10 | 1012.6 |
        Temple |    123 |    104 |     19 |      0 |     84 |   1 |  123.0 |
          Lair |   1427 |   1409 |     18 |     30 |    916 |   2 |  713.5 |
        Bailey |    202 |    202 |      0 |     40 |     15 |   1 |  202.0 |
               +--------+--------+--------+--------+--------+-----+--------+

Top non-repeatable levels by time:
     D:7: 1497 daAuts
     D:9: 1245 daAuts
     D:4: 1188 daAuts
     D:8: 1159 daAuts
  Lair:1: 942 daAuts
     D:1: 911 daAuts
     D:3: 903 daAuts
     D:2: 889 daAuts
     D:6: 823 daAuts
    D:10: 798 daAuts
     D:5: 710 daAuts
  Lair:2: 484 daAuts
  Bailey: 202 daAuts
  Temple: 123 daAuts
